 Dungeon Crawl Stone Soup version 0.31-a0-699-g830162fb6c (webtiles) character file.

Game seed: 18248751095852320305

156 qw the Shooter (level 5, -2/32 HPs)
             Began as a Gargoyle Hunter on Sept 7, 2023.
             Slain by an iguana (3 damage)
             ... on level 4 of the Dungeon.
             The game lasted 00:01:04 (2564 turns).

qw the Shooter (Gargoyle Hunter)                    Turns: 2564, Time: 00:01:04

Health: -2/32      AC: 11    Str: 13 (15) XL:     5   Next: 38%
Magic:  5/5        EV: 10    Int:  7 (9)  God:
Gold:   110        SH:  0    Dex: 14 (15) Spells: 4/4 levels left

rFire   . . .        Y - +0 shortbow
rCold   . . .        (shield currently unavailable)
rNeg    + + .        d - +0 ring mail
rPois   inf          b - +1 hat
rElec   +            j - +0 cloak
rCorr   .            (no gloves)
SInv    .            (no boots)
Will    .....        e - amulet of the acrobat
Stlth   +            i - ring of positive energy
HPRegen 0.25/turn    (no ring)
MPRegen 0.09/turn

%: acrobat
@: about to teleport
A: sickness immunity, AC +4, negative energy resistance 1, electricity
resistance, torment resistance 1, petrification resistance
a: no special abilities


You were on level 4 of the Dungeon.
You visited 1 branch of the dungeon, and saw 4 of its levels.

You collected 140 gold pieces.
You spent 30 gold pieces at shops.


Innate Abilities, Weirdness & Mutations

You are immune to sickness and miasma.
Your stone body is resilient. (AC +4)
You are immune to poison.
You resist negative energy. (rN+)
You are resistant to electric shocks. (rElec)
You are resistant to unholy torment.
You are immune to petrification.


   Skills:
 + Level 3.2 Fighting
 - Level 6.0 Ranged Weapons
 - Level 1.0 Armour
 - Level 1.5 Dodging
 - Level 1.1 Stealth


You had 4 spell levels left.
You didn't know any spells.
Your spell library was empty.

Inventory:

Hand Weapons
 Y - a +0 shortbow (weapon)
Armour
 b - a +1 hat (worn)
 d - a +0 ring mail (worn)
 j - a +0 cloak (worn)
Jewellery
 e - an amulet of the acrobat (around neck)
 i - a ring of positive energy (left hand)
Scrolls
 a - a scroll of teleportation
 f - a scroll of identify
Potions
 c - a potion of might
 g - a potion of attraction {unknown}
 h - 3 potions of curing

Dungeon Overview and Level Annotations

Branches:
Dungeon (4/15)
 Temple: D:4-7

Altars:

Shops:
D:2 (:!

Annotations:
D:4 Eustachio


Message History

The ufetubus misses you.
The ufetubus hits you but does no damage. x2
The ufetubus hits you.
You shoot an arrow.
The arrow hits the ufetubus but does no damage.
The ufetubus is heavily wounded.
The iron imp disappears in a puff of smoke!
The ufetubus barely misses you.
The ufetubus hits you but does no damage.
Eustachio casts a spell.
The ufetubus barely misses you. x2
You shoot an arrow. The arrow barely misses the ufetubus.
The ufetubus barely misses you.
The ufetubus hits you but does no damage.
The ufetubus closely misses you.
The ufetubus hits you but does no damage.
You shoot an arrow. The arrow misses the ufetubus.
Eustachio casts a spell.
Eustachio blinks!
The ufetubus hits you. x2
You shoot an arrow. The arrow hits the ufetubus.
You kill the ufetubus!
The ufetubus disappears in a puff of smoke!
The iguana closely misses you.
You shoot an arrow. The arrow hits the iguana.
The iguana is moderately wounded.
The iguana bites you!
You shoot an arrow.
The arrow hits the iguana but does no damage.
The iguana is moderately wounded.
The iguana bites you!
2563 ||| READING 2 scrolls of teleportation.
As you read the scroll of teleportation, it crumbles to dust.
You feel strangely unstable. The iguana bites you!
You shoot an arrow.
The arrow hits the iguana but does no damage.
The iguana is moderately wounded.
Eustachio mumbles some strange words.
The iguana bites you.
You die...

##########
######+#l@.......
.)....@5#########
....5...#
........+
.......@#
......[.#
........#
........#
...$....#


You could see Eustachio, an iguana and 2 white imps.

Vanquished Creatures
  3 adders (D:2)
  5 gnolls
  3 worms
  2 dart slugs (D:3)
  2 orcs (D:3)
  13 bats
  5 endoplasms
  4 giant cockroaches
  7 goblins
  3 hobgoblins
  4 kobolds
  A quokka (D:3)
  8 ball pythons
  3 frilled lizards
  3 rats
66 creatures vanquished.

Notes
Turn   | Place    | Note
-------+----------+-------------------------------------------
     0 | D:1      | qw the Gargoyle Hunter began the quest for the Orb.
     0 | D:1      | Reached XP level 1. HP: 12/12 MP: 1/1
     0 | D:1      | 0 ||| qw: Version: 0.3-a-76-g4403597
     0 | D:1      | 0 ||| qw: Game counter: 411
     0 | D:1      | 0 ||| qw: Melee chars always use a shield: true
     0 | D:1      | 0 ||| qw: God list: Okawaru
     0 | D:1      | 0 ||| qw: Allow faded altars: false
     0 | D:1      | 0 ||| qw: Do Orc after clearing Dungeon:15 true
     0 | D:1      | 0 ||| qw: Do second Lair branch before Depths: true
     0 | D:1      | 0 ||| qw: Lair rune preference: random
     0 | D:1      | 0 ||| qw: Goals: Normal
     0 | D:1      | 0 ||| PLANNING D:1-11
    18 | D:1      | Reached XP level 2. HP: 11/17 MP: 2/2
   185 | D:1      | Found a faded altar of an unknown god.
   608 | D:1      | Reached XP level 3. HP: 21/21 MP: 3/3
   696 | D:1      | Reached skill level 5 in Ranged Weapons
   983 | D:1      | 983 ||| UPGRADING to +0 ring mail.
   993 | D:1      | 993 ||| DROPPING +0 leather armour.
   994 | D:1      | 994 ||| READING 2 scrolls labelled FENOIQ DYOVVI.
   998 | D:1      | 998 ||| READING scroll labelled LET TIEL FOIFU.
   999 | D:1      | 999 ||| READING scroll labelled BUEX SOSHUN.
  1000 | D:1      | 1000 ||| READING scroll labelled TEPTOZI INOTH.
  1001 | D:1      | 1001 ||| DROPPING scroll of butterflies.
  1132 | D:2      | Found Vilyish's Antique Weapon Shop.
  1216 | D:2      | Reached skill level 1 in Armour
  1356 | D:2      | Reached skill level 3 in Fighting
  1356 | D:2      | Reached XP level 4. HP: 26/28 MP: 4/4
  1464 | D:2      | Found Deatt's Book Shoppe.
  1525 | D:2      | Found Donerut's Distillery.
  1533 | D:2      | 1533 ||| BUYING potion of curing (30 gold).
  1533 | D:2      | Bought a potion of curing for 30 gold pieces
  1533 | D:2      | 1533 ||| SHOPLISTING potion of haste (100 gold, have 44).
  1533 | D:2      | 1533 ||| SHOPLISTING potion of mutation (80 gold, have 44).
  1533 | D:2      | 1533 ||| SHOPLISTING potion of resistance (100 gold, have
                  | 44).
  1611 | D:2      | 1611 ||| RETREATING.
  1613 | D:2      | 1613 ||| Stepping ~*~*~tactically~*~*~ (outnumbered).
  1614 | D:2      | 1614 ||| Stepping ~*~*~tactically~*~*~ (outnumbered).
  1615 | D:2      | 1615 ||| RETREATING.
  1631 | D:2      | HP: 5/28 [gnoll/+0 spear (5)]
  1632 | D:2      | 1632 ||| READING scroll of teleportation.
  1634 | D:2      | 1634 ||| FLEEEEING.
  1635 | D:2      | 1635 ||| FLEEEEING.
  1639 | D:2      | 1639 ||| STAIRDANCE
  1724 | D:1      | 1724 ||| READING scroll labelled QAACUCW HOIN.
  1725 | D:1      | 1725 ||| READING scroll labelled MOIF GUTOUC.
  1726 | D:1      | 1726 ||| READING 2 scrolls labelled ALENNI WAOL.
  1727 | D:1      | 1727 ||| DRINKING 2 brown potions.
  1728 | D:1      | 1728 ||| READING 2 scrolls of identify.
  1728 | D:1      | 1728 ||| IDENTIFYING golden potion
  1729 | D:1      | 1729 ||| DROPPING scroll of poison.
  1730 | D:1      | 1730 ||| DROPPING potion of degeneration.
  1799 | D:2      | Reached XP level 5. HP: 18/32 MP: 5/5
  2000 | D:3      | 2000 ||| Stepping ~*~*~tactically~*~*~ (outnumbered).
  2258 | D:3      | Reached skill level 6 in Ranged Weapons
  2442 | D:3      | 2442 ||| UPGRADING to +1 hat.
  2447 | D:3      | 2447 ||| UPGRADING to +0 cloak.
  2452 | D:3      | 2452 ||| UPGRADING to amulet of the acrobat.
  2457 | D:3      | 2457 ||| UPGRADING to ring of positive energy.
  2483 | D:4      | Noticed Eustachio
  2486 | D:4      | 2486 ||| STAIRDANCE
  2491 | D:4      | 2491 ||| STAIRDANCE
  2523 | D:4      | 2523 ||| STAIRDANCE
  2548 | D:4      | 2548 ||| RETREATING.
  2550 | D:4      | 2550 ||| Stepping ~*~*~tactically~*~*~ (outnumbered).
  2562 | D:4      | HP: 8/32 [iguana (9)]
  2563 | D:4      | 2563 ||| READING 2 scrolls of teleportation.
  2563 | D:4      | HP: 1/32 [iguana (7)]
  2564 | D:4      | Slain by an iguana

Levels and vault maps discovered:
D:1:      dpeg_arrival_water_temple_mockup, layout_basic,
          ebering_ecumenical_altar_webs
D:2:      layout_rooms, serial_shops, shop, shop,
          nicolae_shop_just_a_little_nook, kennysheep_potato
D:3:      layout_rooms, roderic_batcave
D:4:      layout_basic, mainiacjoe_overflow_alcove_1, uniq_eustachio,
          uniq_pikel, uniq_blork_the_orc

Skill      XL: |  1  2  3  4  5 |
---------------+----------------+-----
Ranged Weapons | 5 6 |  6.0
Armour         | 1 |  1.0
Fighting       | 3 |  3.2
Dodging        | |  1.5
Stealth        | |  1.1

Action                     |  1- 3 |  4- 6 || total
---------------------------+-------+-------++-------
   Fire: Shortbow          |    91 |   147 ||   238
    Use: Scroll            |     4 |     6 ||    10
         Potion            |       |     1 ||     1
 Armour: Leather armour    |     4 |       ||     4
         Ring mail         |    28 |    97 ||   125
  Dodge: Dodged            |    15 |    76 ||    91

Table legend:
 A = Non-vault XP
 B = Vault XP
 C = Vault XP percentage of total XP
 D = Non-vault monster count
 E = Vault monster count
 F = Vault count percentage of total count
                 A         B        C        D         E       F
            +---------+---------+-------+---------+---------+-------
      Total |     201 |      23 |  10.3 |      54 |      12 |  18.2
            +---------+---------+-------+---------+---------+-------
        D:1 |      42 |       0 |   0.0 |      18 |       0 |   0.0
        D:2 |     119 |       9 |   7.0 |      20 |       3 |  13.0
        D:3 |      40 |      14 |  25.9 |      16 |       9 |  36.0
            +---------+---------+-------+---------+---------+-------
